 Dungeon Crawl Stone Soup version 0.18-a0-1577-gf591c28 (webtiles) character file.

8122 Woebin the Blocker (level 11, 0/123 HPs)
             Began as a Hill Orc Gladiator on Mar 22, 2016.
             Was an Elder of Beogh.
             Killed from afar by a killer bee (2 damage)
             ... with an exploding inner flame
             ... hexed by the player character
             ... on level 10 of the Dungeon.
             The game lasted 00:59:09 (11674 turns).

Woebin the Blocker (Hill Orc Gladiator)            Turns: 11674, Time: 00:59:10

Health: 0/123      AC: 25    Str: 20    XL:     11   Next: 25%
Magic:  10/10      EV:  2    Int: 10    God:    Beogh [****..]
Gold:   624        SH: 13    Dex: 11    Spells: 1 memorised, 12 levels left

rFire  + + .     SeeInvis .     a - +2 mace (crush)
rCold  . . .     Gourm    .     (armour currently unavailable)
rNeg   + + +     Faith    .     q - +1 shield {rF+}
rPois  +         Spirit   .     (helmet currently unavailable)
rElec  .         Dismiss  .     (cloak currently unavailable)
rCorr  .         Reflect  .     (gloves currently unavailable)
SustAt .         Harm     .     (boots currently unavailable)
MR     .....     NoTele   +     (no amulet)
Stlth  +++.......               D - ring of protection from fire
                                m - +5 ring of evasion

@: tree-form, not resistant to hostile enchantments, fairly stealthy
A: blurry vision 1, frail 1, low mp 2, screaming 1
a: Smiting, Recall Orcish Followers, Renounce Religion


You were on level 10 of the Dungeon.
You worshipped Beogh.
Beogh was greatly pleased with you.
You were not hungry.
You were a tree.
You visited 2 branches of the dungeon, and saw 11 of its levels.
You also visited: Ossuary.

You collected 624 gold pieces.

Inventory:

Hand Weapons
 a - a +2 mace of crushing (weapon)
 b - a +0 shortbow
 j - a cursed +2 falchion
 l - a cursed +1 mace
 r - a +1 dire flail of venom
Missiles
 d - 4 throwing nets
 s - 25 tomahawks (quivered)
 x - 12 arrows of flame
 B - 21 arrows of frost
Armour
 c - a +0 cloak (melded)
 f - a +0 chain mail of magic resistance (melded)
 n - a +1 helmet (melded)
 q - a +1 shield of fire resistance (worn)
Magical Staves
 p - an uncursed staff of earth
Jewellery
 m - a +5 ring of evasion (left branch)
 v - a cursed ring of teleportation
 w - an uncursed ring of sustain attributes
 A - a cursed ring of teleportation
 D - a ring of protection from fire (right branch)
Wands
 y - a wand of iceblast (8/15)
 G - a wand of confusion (44/48)
 O - a wand of confusion (39/48)
Scrolls
 e - 7 scrolls of identify
 C - a scroll of amnesia
 F - 2 scrolls of fog
 K - 4 scrolls of remove curse
 P - a scroll of immolation
Potions
 g - a potion of curing
 i - 4 potions of brilliance
 o - 3 potions of flight
 t - 3 potions of lignification
 u - a potion of berserk rage {unknown}
Books
 E - a book of Necromancy

   Spells                             Type                      Level
   a - Pain                           Necromancy                   1
   b - Animate Skeleton               Necromancy                   1
   c - Vampiric Draining              Necromancy                   3
   d - Regeneration                   Charms/Necromancy            3
   e - Animate Dead                   Necromancy                   4
   f - Control Undead                 Necromancy                   4
 L - a book of Alchemy

   Spells                             Type                      Level
   a - Sublimation of Blood           Necromancy                   2
   b - Ignite Poison                  Fire/Transmutation/Poison    3
   c - Petrify                        Transmutation/Earth          4
   d - Alistair's Intoxication        Transmutation/Poison         5
   e - Irradiate                      Conjuration/Transmutation    5
Comestibles
 h - 3 meat rations
 z - 3 fruits
 H - 2 bread rations
 I - a slice of pizza
 J - a beef jerky
 N - 6 chunks of flesh


   Skills:
 + Level 7.0 Fighting
   Level 5.5(7.7) Axes
 + Level 6.8(7.5) Maces & Flails
 - Level 2.7 Bows
 + Level 3.6 Throwing
 + Level 7.1 Armour
 + Level 7.2 Dodging
 + Level 2.9 Stealth
 + Level 8.1 Shields
 + Level 1.7 Spellcasting
 + Level 1.6 Necromancy
 + Level 1.1 Invocations


You had 12 spell levels left.
You knew the following spells:

 Your Spells              Type           Power        Failure   Level  Hunger
a - Animate Skeleton      Necr           N/A          38%         1    ##.....


Dungeon Overview and Level Annotations

Branches:
Dungeon (10/15)            Temple (1/1) D:5
   Lair: D:8-11         Orc: D:9-12

Altars:
Ashenzari
Cheibriados
Dithmenos
Elyvilon
Fedhas
Gozag
Kikubaaqudgha
Makhleb
Nemelex Xobeh
Okawaru
Qazlal
Ru
Sif Muna
Trog
Vehumet
Xom
Yredelemnul
Zin
The Shining One

Shops:
D:6 %   D:7 ?


Innate Abilities, Weirdness & Mutations

Scrolls take you a little longer to read.
You are frail (-10% HP).
Your magical capacity is very low (-20% MP).
You occasionally shout uncontrollably at your foes.


Message History

You block the killer bee's attack.
You barely miss the killer bee.
The killer bee is heavily wounded.
The killer bee stings you but does no damage. x3
You block the killer bee's attack. The killer bee stings you.
* * * LOW HITPOINT WARNING * * *
You block the killer bee's attack.
You sock the killer bee!
The killer bee explodes!
The fiery explosion engulfs the killer bee.
The killer bee explodes!
The fiery explosion engulfs the killer bee.
The killer bee explodes!
Beogh accepts your kill. The fiery explosion engulfs you! You resist.
* * * LOW HITPOINT WARNING * * *
The fiery explosion engulfs the killer bee.
The killer bee explodes!
The fiery explosion engulfs you! You resist.
You die...

###.<# #......
#..# #####.#.#..
#..# ...........
#..# #####.#.#.# #
.... #.....# ##.
###C###### ###..##
.... #§##...##
#...Z
.#.#§##§#.....#
####Z
.....§§§♣§...... #
#.
#.#.#§##§§.###...#
## #......§§§.#
<.#
.#.####...###...##
.. ..###..........
##.#.# ##.....####
#..##.#.####....##
#............#...#
####
..##.#.########.#
#..####


You could see a hill giant.

Vanquished Creatures
  The ghost of PeterLawrence the Basher, a novice GrFi (D:7)
  Maurice (D:8)
  A troll (D:10)
  Prince Ribbit (D:7)
  A wyvern (D:8)
  2 steam dragons (D:6)
  3 hippogriffs
  4 orc warriors
  A necrophage (D:7)
  An ice beast (D:6)
  3 phantoms
  7 ogres
  2 centaurs (D:5)
  4 giant frogs
  8 scorpions
  16 killer bees
  6 wights
  12 howler monkeys
  A centaur zombie (D:9)
  4 crimson imps
  A giant frog zombie (D:9)
  2 jellies
  5 orc priests
  A gnoll shaman (D:9)
  5 hounds
  11 orc wizards
  Jessica (D:3)
  A giant frog skeleton (D:8)
  2 iguanas
  2 worker ants
  8 mummies (Ossuary)
  A hound skeleton (D:8)
  A howler monkey zombie (D:6)
  A worker ant zombie (D:10)
  12 gnolls
  6 adders
  3 oozes
  An adder zombie (D:6)
  2 worms
  3 dart slugs
  3 giant geckos
  36 orcs
  A ball python (D:1)
  5 bats
  A giant cockroach (D:3)
  8 goblins
  6 hobgoblins
  5 jackals
  12 quokkas
  A giant gecko zombie (D:6)
  7 giant newts
  3 gnoll zombies (Ossuary)
  3 hobgoblin zombies (Ossuary)
  6 kobolds
  2 orc zombies (Ossuary)
  A quokka skeleton (D:8)
  38 rats
  A spectral orc (D:2)
287 creatures vanquished.

Vanquished Creatures (collateral kills)
  A hill giant (D:10)
  A troll (D:9)
  A wyvern (D:8)
  2 centaurs
  A giant frog (D:7)
  4 killer bees (D:7)
  2 wights (D:7)
  2 howler monkeys
  A crimson imp (D:8)
  A gnoll (D:10)
  An adder (D:8)
  An orc (D:7)
  A giant cockroach (D:7)
  A jackal skeleton (D:7)
20 creatures vanquished.

Vanquished Creatures (others)
  An orc knight (D:10)
  An orc priest (D:4)
  An orc wizard (D:4)
  A worker ant zombie (D:6)
  9 orcs
13 creatures vanquished.

Grand Total: 320 creatures vanquished

Notes
Turn   | Place    | Note
--------------------------------------------------------------
     0 | D:1      | Woebin the Hill Orc Gladiator began the quest for the Orb.
     0 | D:1      | Reached XP level 1. HP: 18/18 MP: 1/1
   223 | D:1      | Reached XP level 2. HP: 25/25 MP: 2/2
   519 | D:1      | Reached XP level 3. HP: 25/30 MP: 3/3
   822 | D:1      | You fall through a shaft!
   860 | D:2      | Found a basalt altar of Yredelemnul.
  1558 | D:2      | Reached XP level 4. HP: 27/37 MP: 4/4
  1778 | D:2      | Reached skill level 1 in Armour
  1802 | D:2      | Found a sparkling altar of Nemelex Xobeh.
  2167 | D:3      | Reached skill level 5 in Axes
  2167 | D:3      | Reached XP level 5. HP: 37/45 MP: 5/5
  2610 | D:3      | Found a white marble altar of Elyvilon.
  2610 | D:3      | Found a glowing golden altar of the Shining One.
  2611 | D:3      | Found a glowing silver altar of Zin.
  2649 | D:3      | Noticed Jessica
  2667 | D:3      | Killed Jessica
  2939 | D:3      | Reached skill level 1 in Maces & Flails
  2939 | D:3      | Reached XP level 6. HP: 49/52 MP: 6/6
  3076 | D:3      | Reached skill level 1 in Stealth
  3403 | D:4      | Reached XP level 7. HP: 59/59 MP: 7/7
  3462 | D:4      | Became a worshipper of Beogh the Brigand
  3856 | D:5      | Entered Level 5 of the Dungeon
  4022 | D:5      | Found a burning altar of Makhleb.
  4023 | D:5      | Found a radiant altar of Vehumet.
  4191 | D:5      | Reached XP level 8. HP: 62/67 MP: 8/8
  4241 | D:5      | Reached skill level 5 in Dodging
  4343 | D:5      | Found a sand-covered staircase.
  4350 | Ossuary  | Entered an ossuary
  4402 | Ossuary  | Reached * piety under Beogh
  4486 | Ossuary  | Reached skill level 1 in Bows
  5220 | D:5      | Found a staircase to the Ecumenical Temple.
  5226 | Temple   | Entered the Ecumenical Temple
  5488 | D:6      | Reached skill level 5 in Fighting
  5835 | D:6      | Found Onyu's Food Shop.
  6134 | D:6      | Reached XP level 9. HP: 31/74 MP: 9/9
  6363 | D:6      | Reached skill level 1 in Shields
  6708 | D:6      | Reached ** piety under Beogh
  6708 | D:6      | Reached skill level 2 in Shields
  6890 | D:6      | Reached skill level 3 in Shields
  7132 | D:6      | You fall through a shaft for 3 floors!
  7184 | D:9      | Reached skill level 5 in Maces & Flails
  7187 | D:9      | Reached skill level 4 in Shields
  7217 | D:9      | Reached skill level 5 in Armour
  7676 | D:9      | Reached skill level 5 in Shields
  7750 | D:9      | Reached XP level 10. HP: 75/83 MP: 10/10
  7851 | D:8      | Noticed Maurice
  7879 | D:8      | Reached skill level 1 in Invocations
  7906 | D:8      | Reached skill level 6 in Shields
  7937 | D:8      | Killed Maurice
  8015 | D:8      | Reached *** piety under Beogh
  8542 | D:7      | Found a deep blue altar of Sif Muna.
  8542 | D:7      | Found an opulent altar of Gozag.
  8559 | D:7      | Found a shimmering altar of Xom.
  8559 | D:7      | Noticed PeterLawrence's ghost (novice GrFi)
  8589 | D:7      | Killed PeterLawrence's ghost
  8589 | D:7      | Reached skill level 7 in Shields
  8906 | D:7      | Learned a level 1 spell: Animate Skeleton
  9016 | D:7      | Gained mutation: Scrolls take you a little longer to read. [mutagenic glow]
  9111 | D:7      | Noticed Prince Ribbit
  9140 | D:7      | Killed Prince Ribbit
  9324 | D:7      | Found a snail-covered altar of Cheibriados.
  9334 | D:7      | Found a stormy altar of Qazlal.
  9854 | D:7      | Found Ubill's Magic Scroll Shoppe.
 10232 | D:8      | Reached **** piety under Beogh
 10285 | D:8      | Reached XP level 11. HP: 91/91 MP: 11/11
 10400 | D:8      | Found an iron altar of Okawaru.
 10525 | D:9      | Gained mutation: You are frail (-10% HP). [mutagenic glow]
 10544 | D:9      | Found a blossoming altar of Fedhas.
 10640 | D:9      | Gained mutation: Your magical capacity is low (-10% MP). [mutagenic glow]
 10697 | D:9      | Reached skill level 1 in Necromancy
 10777 | D:9      | Gained mutation: You occasionally shout uncontrollably at your foes. [mutagenic glow]
 10823 | D:9      | Reached skill level 1 in Spellcasting
 10840 | D:9      | Gained mutation: Your magical capacity is very low (-20% MP). [mutagenic glow]
 10888 | D:9      | Reached skill level 8 in Shields
 11171 | D:10     | Entered Level 10 of the Dungeon
 11451 | D:10     | Noticed a hill giant
 11462 | D:10     | Killed a hill giant
 11670 | D:10     | Noticed a hill giant
 11674 | D:10     | HP: 2/123 [killer bee/exploding inner flame[the player character] (10)]
 11674 | D:10     | Killed from afar by a killer bee

Vault maps used:
D:1:      dpeg_arrival_water_fire
D:2:      overflow_temple_1_default, yredelemnul_forgotten_temple_becter,
          first_bread, minmay_rats_cheesy_pizza
D:3:      good_gods_temple_1, uniq_jessica
D:4:      kennysheep_generic_room_11
D:5:      grunt_temple_overflow_lords_of_destruction,
          nicolae_overflow_hidden_temple, minmay_temple_entry_enclosed_plants,
          enter_ossuary_1, serial_bayou, serial_bayou_lake_a,
          serial_bayou_pond_d, serial_bayou_pond_d, serial_bayou_shore_b,
          serial_bayou_shore_b, minmay_small_thing
D:6:      kennysheep_steamy, serial_shops, shop
D:7:      grunt_temple_overflow_open, serial_shops, kennysheep_mini,
          uniq_prince_ribbit1
D:8:      okawaru_altar_gauntlet_db, uniq_maurice
D:9:      basic_altar
D:10:     serial_co_window_serial, co_window_paths_a, co_window_paths_a,
          co_window_corner_a, co_window_paths_a, co_window_paths_b,
          co_window_broadway_a, co_window_of_opportunity_b,
          co_window_of_opportunity_b, co_window_corner_cb, co_window_2corner,
          glass_columns_a, glass_columns_c, glass_columns_a, serial_shops,
          shop_statue, grunt_tengu_nest
Temple:   circular_temple_6
Ossuary:  ossuary_tomb_3

Skill      XL: |  1  2  3  4  5  6  7  8  9 10 11 |
---------------+----------------------------------+-----
Dodging        | 3 4 5 7 |  7.2
Armour         | 1 2 3 4 5 6 7 |  7.1
Fighting       | 3 4 5 6 7 |  7.0
Axes           | 5 |  5.5
Maces & Flails | 1 2 3 4 5 6 |  6.8
Throwing       | 2 3 |  3.6
Stealth        | 1 2 |  2.9
Bows           | 2 |  2.7
Shields        | 5 7 8 |  8.1
Invocations    | 1 |  1.1
Necromancy     | 1 |  1.6
Spellcasting   | 1 |  1.7

Action                   |  1- 3 |  4- 6 |  7- 9 | 10-12 || total
-------------------------+-------+-------+-------+-------++-------
Melee: War axe           |    30 |    96 |       |       ||   126
       Mace              |    98 |   123 |   483 |   467 ||  1171
 Fire: Shortbow          |       |       |    88 |       ||    88
Throw: Throwing net      |       |     3 |     5 |       ||     8
       Tomahawk          |       |     3 |    18 |    11 ||    32
 Cast: Animate Skeleton  |       |       |       |     4 ||     4
Invok: Convert to Beogh  |       |       |     1 |       ||     1
       Smiting           |       |       |     2 |       ||     2
  Use: Scroll            |     3 |       |     3 |     7 ||    13
       Potion            |       |     1 |    12 |     7 ||    20
 Stab: Sleeping          |       |     4 |     1 |       ||     5
       Distracted        |       |       |     1 |     1 ||     2
  Eat: Chunk             |     1 |     7 |     8 |    17 ||    33
       Meat ration       |       |       |     1 |       ||     1
       Beef jerky        |       |       |     1 |       ||     1
